AoeStats
← Creep

Black Forest

510422921Analyzed
2v2 RM · 2d ago on Sep 30, 2026· 35m 43s· 4 players
Game mode
Random Map
Map size
Medium (4 player)
Population
200
Speed
Normal
Resources
Standard
Victory
Conquest
Starting age
Dark Age
Ending age
Imperial Age
RankedLock teamsTeams togetherTeam positionsShared explorationLock speedFull tech treeHidden civsTurbo modeCheats
Victory
Defeat
🇪🇸 Huns · Spain
623
+15
🇪🇸 Khmer · Spain
623
+15
🇨🇴 Franks · Colombia
702
-19
🇧🇷 Portuguese · Brazil
505
-11
Creep
13:43 Feudal Age
17:43 Castle Age
19:43 Husbandry
21:35 Scale Barding Armor
21:41 Forging
23:26 Loom
25:40 Wheelbarrow
35:00 Chain Barding Armor
35:15 Iron Casting
angel
0:44 Loom
15:09 Feudal Age
16:06 Double-Bit Axe
16:16 Gold Mining
19:53 Castle Age
22:26 Padded Archer Armor
22:18 Fletching
22:57 Husbandry
23:10 Bloodlines
23:49 Thumb Ring
28:49 Bodkin Arrow
29:11 Leather Archer Armor
32:30 Ballistics
36:12 Marauders
38:44 Imperial Age
juanprch
12:38 Feudal Age
19:38 Castle Age
18:30 Double-Bit Axe
18:46 Stone Mining
23:17 Fishing Lines
24:57 Wheelbarrow
26:06 Bow Saw
28:26 Hand Cart
29:31 Forging
FolaPR
1:13 Loom
11:26 Feudal Age
20:15 Double-Bit Axe
20:19 Horse Collar
23:16 Castle Age
24:19 Bow Saw
25:50 Forging
25:47 Scale Barding Armor
25:44 Padded Archer Armor
25:35 Fletching
25:46 Scale Mail Armor
28:48 Ballistics
28:41 Murder Holes
28:39 Elite Skirmisher
28:40 Crossbowman
31:41 Thumb Ring
33:28 Bloodlines
33:19 Husbandry
32:40 Light Cavalry
34:21 Circumnavigation
34:47 Treadmill Crane
35:14 Bodkin Arrow
Connection lost

Rejoining the realm…

Still unreachable

The connection could not be restored.

Session expired

The server has moved on; the page needs a fresh start.